 Dungeon Crawl Stone Soup version 0.26.1-11-gd32895ea62 (webtiles) character file.

Game seed: 11051219809801146461

5231 Saba the Quickloader (level 10, -6/64 HPs)
             Began as a Gargoyle Hunter on July 6, 2021.
             Was an Elder of Okawaru.
             Mangled by a death knight
             ... wielding a +2 great mace
              (23 damage)
             ... on level 8 of the Dungeon.
             The game lasted 00:18:58 (10087 turns).

Saba the Quickloader (Gargoyle Hunter)             Turns: 10087, Time: 00:18:58

Health: -6/64      AC: 17    Str: 23    XL:     10   Next: 61%
Magic:  10/10      EV: 13    Int: 19    God:    Okawaru [****..]
Gold:   665        SH: 12    Dex:  9    Spells: 9/9 levels left

rFire    . . .     SeeInvis .   J - +5 spear
rCold    . . .     Faith    .   b - +1 kite shield
rNeg     + . .     Spirit   .   h - +0 steam dragon scales
rPois    ∞         Reflect  .   s - +0 helmet
rElec    +         Harm     .   l - scarf {+Inv}
rCorr    .         Rampage  .   u - +0 pair of gloves
Will     +....                  N - +0 pair of boots (curse)
Stlth    +.........             r - amulet of magic regeneration
HPRegen  0.20/turn              n - +6 ring of strength
MPRegen  0.37/turn              c - +6 ring of intelligence

@: no status effects
A: clumsy 1, strong-willed 1, negative energy resistance 1, sense surroundings
1, electricity resistance, unbreathing, evolution 1, petrification resistance,
miasma immunity, AC +7
a: Renounce Religion, Evoke Invisibility, Heroism


You were on level 8 of the Dungeon.
You worshipped Okawaru.
Okawaru was greatly pleased with you.
You visited 1 branch of the dungeon, and saw 8 of its levels.
You also visited: Ossuary.

You collected 665 gold pieces.

Inventory:

Hand Weapons
 a - a +1 hand crossbow
 J - a +5 spear (weapon)
Missiles
 d - 109 bolts
Armour
 b - a +1 kite shield (worn)
 h - +0 steam dragon scales (worn)
 l - a scarf of invisibility (worn)
 s - a +0 helmet (worn)
 u - a +0 pair of gloves (worn)
 N - a cursed +0 pair of boots (worn)
Jewellery
 c - a +6 ring of intelligence (right hand)
 n - a +6 ring of strength (left hand)
 r - an amulet of magic regeneration (around neck)
 y - an uncursed ring of willpower
 L - an uncursed ring of magical power
Wands
 v - a wand of digging (7)
Scrolls
 e - 2 scrolls of enchant armour
 f - 14 scrolls of identify
 g - 2 scrolls of noise {unknown}
 j - 4 scrolls of fear {unknown}
 k - 7 scrolls of teleportation {unknown}
 o - 5 scrolls of remove curse
 q - 6 scrolls of amnesia {unknown}
 t - 6 scrolls of enchant weapon {unknown}
 w - 3 scrolls of blinking
 D - 3 scrolls of random uselessness {unknown}
 E - a scroll of immolation
Potions
 i - a potion of brilliance {unknown}
 m - 3 potions of might
 p - 7 potions of degeneration
 x - 2 potions of curing
 z - a potion of ambrosia {unknown}
 A - 3 potions of haste {unknown}
 B - 2 potions of cancellation {unknown}
 C - 4 potions of flight {unknown}
 F - a potion of mutation
 G - 2 potions of resistance {unknown}
 H - 3 potions of heal wounds
 I - a potion of berserk rage {unknown}
 K - a potion of magic {unknown}
 M - a potion of lignification {unknown}


   Skills:
 + Level 7.8 Fighting
 + Level 1.5 Polearms
 + Level 8.0 Crossbows
 + Level 7.3 Armour
 + Level 5.9 Dodging
 - Level 1.1 Stealth
 + Level 7.4 Shields


You had 9 spell levels left.
You didn't know any spells.
Your spell library contained the following spells:

 Spells                   Type           Power        Failure   Level
 Apportation              Tloc           0%           47%         1
 Corona                   Hex            0%           47%         1
 Magic Dart               Conj           0%           47%         1
 Ensorcelled Hibernation  Hex/Ice        0%           63%         2
 Searing Ray              Conj           0%           63%         2
 Confusing Touch          Hex            0%           85%         3
 Dazzling Flash           Conj/Hex       0%           85%         3
 Lesser Beckoning         Tloc           0%           85%         3
 Tukima's Dance           Hex            0%           85%         3
 Fulminant Prism          Conj/Hex       0%           99%         4
 Iskenderun's Mystic Bla  Conj/Tloc      0%           99%         4
 Alistair's Intoxication  Tmut/Pois      0%           100%        5
 Invisibility             Hex            0%           100%        6


Dungeon Overview and Level Annotations

Branches:
Dungeon (8/15)             Temple (0/1) D:5            Lair (0/6) D:8
Ossuary (visited)

Altars:
Ashenzari
Cheibriados
Dithmenos
Makhleb
Okawaru
Trog
Wu Jian
Xom

Annotations:
D:7 nothank2's ghost, novice GrFi


Innate Abilities, Weirdness & Mutations

You are resistant to torment.
Your stone body is resilient. (AC +7)
You are immune to poison.
You resist negative energy. (rN+)
You are resistant to electric shocks. (rElec)
You can survive without breathing.
You are immune to petrification.
You are immune to miasma.
You are clumsy. (Dex -2)
You are strong-willed. (Will+)
You passively map a small area around you.
You evolve.


Message History

Press: ? - help, Dir - move target, f/p - death knight
Aim: a death knight, wielding a +2 great mace and wearing a +0 plate armour (severely wounded)
You reach to attack!
You hit the death knight.
The death knight is severely wounded.
You puncture the death knight!
The death knight is severely wounded.
The death knight closely misses you.
You barely miss the death knight.
The death knight is severely wounded.
The death knight hits you with a +2 great mace!!
* * * LOW HITPOINT WARNING * * *
You hit the death knight.
The death knight is severely wounded.
You block the death knight's attack.
You closely miss the death knight.
The death knight is severely wounded.
You hit the death knight.
The death knight is almost dead.
The death knight hits you with a +2 great mace!!
You die...

.....###....#####
..#..##.....##.>###
###...............##
#..................###
....##.##<...........# *
>...##..#........(...##.,
....##....(.............
.((..#..#............... ,
.(#............p@....... * ####
######################## ####..#
##(###.###.###.###.###[###.#.#.##
#.#.#.#.#.#.#.#.#.#.#.#.#.#.##..#
.###.###.###.###.###.###.#.#.#..#
###.#.#.#.#.#.#.#.#.#.#.#.#.##†..
.#.###.###.###.###.###.#.#.###...
#.###.#.#.#.#.#(#.#.#.#.#.#.###..
.#.#.###.###.###.###.#.#.###[#...


You could see a death knight.

Vanquished Creatures
  An unseen horror (D:8)
  A troll (D:8)
  Sigmund (D:3)
  2 wyverns (D:8)
  A steam dragon (D:8)
  A water moccasin (D:8)
  An ice beast (D:5)
  A sky beast (D:8)
  3 phantoms
  4 black bears (D:8)
  4 ogres
  2 centaurs
  Blork the orc (D:5)
  3 bullfrogs
  6 scorpions
  8 wights
  2 howler monkeys
  3 centaur zombies
  A bullfrog zombie (D:7)
  2 bullfrog skeletons
  A human zombie (Ossuary)
  6 hounds
  4 orc priests
  A gnoll shaman (D:8)
  11 worker ants
  Natasha (thrice) (D:2)
  5 orc wizards
  A killer bee zombie (D:8)
  A hound skeleton (D:6)
  3 mummies
  A worker ant zombie (D:8)
  10 adders
  10 gnolls
  4 shadow imps
  2 white imps (D:8)
  2 ufetubi
  4 oozes
  An adder skeleton (D:8)
  2 adder zombies (D:8)
  A worm (D:2)
  5 dart slugs
  11 leopard geckos
  11 orcs
  5 giant cockroaches
  7 hobgoblins
  13 jackals
  A quokka (D:8)
  A ball python (D:2)
  10 bats
  5 frilled lizards
  A gnoll zombie (Ossuary)
  6 goblins
  A goblin zombie (Ossuary)
  A hobgoblin zombie (Ossuary)
  8 kobolds
  A kobold zombie (Ossuary)
  2 leopard gecko skeletons
  An orc zombie (Ossuary)
  7 rats
218 creatures vanquished.

Vanquished Creatures (others)
  A bullfrog zombie (D:8)
1 creature vanquished.

Grand Total: 219 creatures vanquished

Notes
Turn   | Place    | Note
-------+----------+-------------------------------------------
     0 | D:1      | Saba the Gargoyle Hunter began the quest for the Orb.
     0 | D:1      | Reached XP level 1. HP: 12/12 MP: 1/1
     4 | D:1      | Noticed an electric eel
     5 | D:1      | Noticed an electric eel
   246 | D:1      | Reached XP level 2. HP: 18/18 MP: 2/2
   378 | D:1      | Reached skill level 1 in Armour
   504 | D:1      | Reached XP level 3. HP: 22/22 MP: 3/3
  1005 | D:1      | Reached skill level 1 in Shields
  1368 | D:2      | Reached XP level 4. HP: 27/27 MP: 4/4
  1381 | D:2      | Noticed Natasha
  1388 | D:2      | Killed Natasha
  1801 | D:2      | Noticed Natasha
  1809 | D:2      | Killed Natasha
  1810 | D:2      | Reached XP level 5. HP: 32/32 MP: 5/5
  1910 | D:2      | Noticed Natasha
  1916 | D:2      | Killed Natasha
  2033 | D:3      | Noticed Sigmund
  2207 | D:3      | Found a broken altar of Ashenzari.
  2226 | D:3      | Found a bloodstained altar of Trog.
  2251 | D:3      | Reached XP level 6. HP: 18/37 MP: 6/6
  2415 | D:3      | Gained mutation: You evolve. [potion of mutation]
  2415 | D:3      | Gained mutation: You are clumsy. (Dex -2) [potion of
                  | mutation]
  2415 | D:3      | Gained mutation: Your mind is acute. (Int +2) [potion of
                  | mutation]
  2415 | D:3      | Gained mutation: You are strong-willed. (Will+) [potion of
                  | mutation]
  2429 | D:3      | Killed Sigmund
  2430 | D:3      | Reached skill level 5 in Crossbows
  2557 | D:3      | Found a burning altar of Makhleb.
  2561 | D:3      | Reached XP level 7. HP: 43/43 MP: 7/7
  2711 | D:3      | Found a shadowy altar of Dithmenos.
  2711 | D:3      | Found an ornate altar of the Wu Jian Council.
  2712 | D:3      | Found a burning altar of Makhleb.
  2713 | D:3      | Found a snail-covered altar of Cheibriados.
  2718 | D:3      | Found an iron altar of Okawaru.
  2721 | D:3      | Became a worshipper of Warmaster Okawaru
  3258 | D:4      | Reached XP level 8. HP: 36/48 MP: 8/8
  3789 | D:4      | Gained mutation: You passively map a small area around you.
                  | [evolution]
  3827 | D:5      | Entered Level 5 of the Dungeon
  3907 | D:5      | Reached * piety under Okawaru
  3908 | D:5      | Reached skill level 5 in Fighting
  4048 | D:5      | Found a shimmering altar of Xom.
  4077 | D:5      | Found a shimmering altar of Xom.
  4103 | D:5      | Found a shimmering altar of Xom.
  4104 | D:5      | Found a shimmering altar of Xom.
  4112 | D:5      | Found a staircase to the Ecumenical Temple.
  4213 | D:5      | Reached skill level 6 in Crossbows
  4353 | D:5      | Noticed Blork the orc
  4367 | D:5      | Killed Blork the orc
  4556 | D:6      | Reached skill level 5 in Armour
  4598 | D:6      | Reached skill level 5 in Shields
  4609 | D:6      | Reached ** piety under Okawaru
  4620 | D:6      | Found a sand-covered staircase.
  4628 | Ossuary  | Entered an ossuary
  4667 | Ossuary  | Reached XP level 9. HP: 55/55 MP: 9/9
  4935 | D:6      | You fall into a shaft and drop 1 floor!
  5040 | D:7      | Found a runed translucent door.
  5040 | D:7      | Noticed nothank2's ghost (novice GrFi)
  6167 | D:6      | Reached skill level 7 in Crossbows
  6170 | D:6      | Lost mutation: Your mind is acute. (Int +2) [evolution]
  6347 | D:6      | Reached skill level 5 in Dodging
  7493 | D:7      | Got a faintly glowing robe
  7504 | D:7      | Identified the cursed +0 robe "Xos Ree" {rC+ Str+3} (You
                  | found it on level 7 of the Dungeon)
  7586 | D:8      | Reached *** piety under Okawaru
  7783 | D:8      | Found a staircase to the Lair.
  7846 | D:8      | Reached XP level 10. HP: 39/63 MP: 10/10
  8474 | D:8      | Noticed a death knight
  8493 | D:8      | Reached **** piety under Okawaru
  8871 | D:8      | Received a gift from Okawaru
  9496 | D:8      | Reached skill level 1 in Polearms
  9725 | D:8      | Killed an unseen horror
  9726 | D:8      | Reached skill level 8 in Crossbows
 10087 | D:8      | Mangled by a death knight

Illustrated notes

Levels and vault maps discovered:
D:1:      arrival_aquarium_b, layout_loops_corners, serial_forest,
          infiniplex_forest_end_2, infiniplex_forest_lined_2,
          infiniplex_forest_straight_2, infiniplex_forest_straight_4,
          infiniplex_forest_clump_tiny, infiniplex_forest_lined_1,
          infiniplex_forest_clump_small, infiniplex_forest_zigzag_1,
          infiniplex_forest_lined_corner
D:2:      layout_rooms, minmay_cut_off, uniq_natasha
D:3:      layout_rooms, minitemple, overflow_temple_1_default,
          makhleb_blood_cavern_becter, uniq_sigmund
D:4:      layout_loops_ring
D:5:      layout_rooms, xom_redecorated, minmay_temple_entry_proselytizer,
          uniq_blork_the_orc
D:6:      layout_gridville, gup_ossuary_entry_pyramid
D:7:      layout_loops_ring, ebering_ghost_inner_flame
D:8:      minmay_imperfect_grid, layout_cave_pools, lair_entry_dummy,
          chequers_decorated_corner, grunt_ministairs_7

Skill      XL: |  1  2  3  4  5  6  7  8  9 10 |
---------------+-------------------------------+-----
Armour         | 1 2 3 5 6 7 |  7.3
Dodging        | 2 3 4 5 |  5.9
Shields        | 1 2 3 5 6 7 |  7.4
Fighting       | 3 4 5 7 |  7.8
Crossbows      | 5 6 7 8 |  8.0
Polearms       | 1 |  1.5
Stealth        | |  1.1

Action                   |  1- 3 |  4- 6 |  7- 9 | 10-12 || total
-------------------------+-------+-------+-------+-------++-------
Melee: Short sword       |    13 |       |       |       ||    13
       Dagger            |    76 |    86 |   614 |    82 ||   858
       Spear             |       |       |       |   194 ||   194
 Fire: Hand crossbow     |       |       |       |     7 ||     7
  Use: Scroll            |       |     4 |       |     2 ||     6
       Potion            |       |     3 |       |     1 ||     4
 Stab: Sleeping          |       |       |       |     1 ||     1
Armor: Leather armour    |     8 |       |       |       ||     8
       Ring mail         |    36 |    30 |   179 |       ||   245
       Robe              |       |       |    39 |    72 ||   111
       Steam dragon scal |       |       |       |    49 ||    49
Dodge: Dodged            |    41 |    31 |   194 |    94 ||   360
Block: Kite shield       |    19 |    30 |   302 |   156 ||   507
